 Dungeon Crawl Stone Soup version 0.28-a0-1227-ga9037bb4c8 (webtiles) character file.

Game seed: 440681402704718757

42 ChaosChampion the Insei (level 3, -2/24 HPs)
             Began as an Octopode Transmuter on Dec 22, 2021.
             Killed by divine providence
             ... invoked by an orc priest
              (15 damage)
             ... on level 2 of the Dungeon.
             The game lasted 00:01:49 (1663 turns).

ChaosChampion the Insei (Octopode Transmuter)       Turns: 1663, Time: 00:01:50

Health: -2/24      AC:  1    Str:  9    XL:     3   Next: 56%
Magic:  2/6        EV: 13    Int: 17    God:
Gold:   14         SH:  0    Dex: 12    Spells: 0/6 levels left

rFire   . . .      SeeInvis .     - Unarmed
rCold   . . .      Faith    .   (no shield)
rNeg    . . .      Spirit   .   (helmet restricted)
rPois   .          Reflect  .   (no amulet)
rElec   .          Harm     .   (no ring)
rCorr   .          Rampage  .   (no ring)
Will    .....                   (no ring)
Stlth   ++........              (no ring)
HPRegen 0.08/turn               (no ring)
MPRegen 0.10/turn               (no ring)
                                (no ring)
                                (no ring)

@: very slightly contaminated
A: almost no armour, amphibious, 8 rings, camouflage 1, gelatinous body 1,
(nimble swimmer 1), tentacles
a: no special abilities


You were on level 2 of the Dungeon.
You visited 1 branch of the dungeon, and saw 2 of its levels.

You collected 14 gold pieces.

Inventory:

Missiles
 b - 25 poisoned darts (quivered)
Scrolls
 a - a scroll of identify {unknown}
 f - a scroll of magic mapping {unknown}
 g - a scroll of noise {unknown}
Potions
 c - a potion of mutation {unknown}
 d - 2 potions of curing {unknown}
 e - a potion of degeneration {unknown}


   Skills:
 + Level 1.8 Fighting
 + Level 2.5 Dodging
 * Level 3.8 Unarmed Combat
 - Level 2.0 Spellcasting
 - Level 2.0 Transmutations


You couldn't memorise any spells.
You knew the following spells:

 Your Spells              Type           Power      Damage    Failure   Level
a - Beastly Appendage     Tmut           16%        N/A       9%          1
b - Wereblood             Tmut           8%         N/A       13%         2
c - Spider Form           Tmut/Pois      5%         N/A       36%         3

Your spell library contained the following spells:

 Spells                   Type           Power      Damage    Failure   Level
 Ice Form                 Ice/Tmut       5%         N/A       77%         4


Dungeon Overview and Level Annotations

Branches:
Dungeon (2/15)

Altars:

Shops:
D:2 !


Innate Abilities, Weirdness & Mutations

You cannot wear most types of armour.
You are amphibious.
You can wear up to eight rings at the same time.
Your skin changes colour to match your surroundings (Stealth+).
Your rubbery body absorbs attacks. (AC +1, EV +1)
((You are camouflaged when in or above water. (Stealth+)))
You have tentacles for arms and can constrict up to eight enemies at once.


Message History

The orc moves out of view.
An orc comes into view. It is wielding a +0 club.
The orc moves out of view.
The orc hits you with a +0 club.
You tentacle-slap the orc. Your grab misses the orc. You tentacle-slap the orc.
The orc is almost dead.
The orc hits you with a +0 club.
Casting: Spider Form (extremely dangerous; 36% risk of failure)
Confirm with . or Enter, or press ? or * to list all spells.
You don't have enough magic to cast this spell.
You closely miss the orc. Your grab misses the orc.
The orc is almost dead.
The orc misses you.
You barely miss the orc. You grab the orc. Your squeeze misses the orc.
The orc is almost dead.
You constrict the orc.
You kill the orc!
You closely miss the orc. You grab the orc.
You squeeze the orc, but do no damage.
You constrict the orc, but do no damage.
The orc hits you with a +0 dagger.
You tentacle-slap the orc but do no damage.
You squeeze the orc.
The orc is moderately wounded.
You constrict the orc. You tentacle-slap the orc. You squeeze the orc.
You kill the orc!
You tentacle-slap the orc priest. You grab the orc priest.
The orc priest is lightly wounded.
You constrict the orc priest. The orc priest misses you.
You tentacle-slap the orc priest.
The orc priest is lightly wounded.
You constrict the orc priest. The orc priest hits you with a +0 club.
You tentacle-slap the orc priest but do no damage.
The orc priest is moderately wounded.
You constrict the orc priest.
The orc priest invokes the aid of Beogh against you.
Beogh smites you!
Ouch! That really hurt!
You die...

###########
#..o.o...o#
#.#######o#
#.#.....#@#
#......##)#
#######.#####.##
........o..o..>.
#####.#.######.#
#...# .# ###.#
.# #.# .# #.#


You could see an orc priest and an orc.

Vanquished Creatures
  An adder (D:2)
  3 orcs (D:2)
  4 endoplasms
  A giant cockroach (D:1)
  3 goblins (D:1)
  2 hobgoblins (D:1)
  A quokka (D:1)
  3 ball pythons (D:1)
  6 bats
  A frilled lizard (D:1)
  2 kobolds (D:1)
  A rat (D:1)
28 creatures vanquished.

Notes
Turn   | Place    | Note
-------+----------+-------------------------------------------
     0 | D:1      | ChaosChampion the Octopode Transmuter began the quest for
                  | the Orb.
     0 | D:1      | Reached XP level 1. HP: 13/13 MP: 3/3
    59 | D:1      | Found a faded altar of an unknown god.
   313 | D:1      | Reached XP level 2. HP: 15/18 MP: 5/5
   359 | D:1      | Learned a level 2 spell: Wereblood
   998 | D:2      | Found Xaavaag's Distillery.
  1081 | D:2      | Reached XP level 3. HP: 19/23 MP: 6/6
  1196 | D:2      | Learned a level 3 spell: Spider Form
  1663 | D:2      | Killed from afar by an orc priest

Illustrated notes

Levels and vault maps discovered:
D:1:      onia_arrival_pyramid, layout_loops_corners,
          dreamdust_ecumenical_altar_statues
D:2:      layout_basic, serial_shops, nicolae_shop_hallway_stairs

Action                   || total
-------------------------++-------
Melee: Unarmed           ||    61
       Constrict         ||    11
       Tentacles         ||    13
       Punch             ||     2
       Kick              ||     4
 Cast: Beastly Appendage ||     3
       Wereblood         ||     2
       Spider Form       ||     1
 Stab: Sleeping          ||     6
Armor: Skin              ||     4
Dodge: Dodged            ||    24

Table legend: (Time is in decaauts)
 A = Elapsed time spent in this place.
 B = Non-inter-level travel time spent in this place.
 C = Inter-level travel time spent in this place.
 D = Time resting spent in this place.
 E = Time spent auto-exploring this place.
 F = Levels seen in this place.
 G = Mean time per level.
                   A        B        C        D        E       F      G
               +--------+--------+--------+--------+--------+-----+--------+
         Total |   1659 |   1620 |     39 |      8 |   1378 |   2 |  829.5 |
       Dungeon |   1659 |   1620 |     39 |      8 |   1378 |   2 |  829.5 |
               +--------+--------+--------+--------+--------+-----+--------+

Top non-repeatable levels by time:
     D:1: 996 daAuts
     D:2: 662 daAuts
